 Dungeon Crawl Stone Soup version 0.27.1-3-gb3d3a73c9e (webtiles) character file.

Game seed: 11889419248021513558

30819 Cheops the Thaumaturge (level 13, -5/93 HPs)
             Began as a Djinni Fire Elementalist on Oct 17, 2021.
             Was a Believer of Ashenzari.
             Killed from afar by Jorgrun (32 damage)
             ... with an iron shot
             ... on level 14 of the Dungeon.
             The game lasted 01:20:53 (19673 turns).

Cheops the Thaumaturge (Djinni Fire Elementalist)  Turns: 19673, Time: 01:20:53

Health: -5/93      AC: 14    Str:  8    XL:     13   Next: 91%
Gold:   732        EV:  8    Int: 23    God:    Ashenzari [**....] SH: 19 Dex: 14

rFire    + + +     SeeInvis +   a - staff of air
rCold    . . .     Faith    .   z - +2 kite shield of the Restrained Moon {Cun, Fort} (curse)
rNeg     . . .     Spirit   .   H - +0 ring mail "Sidereal Bad Feelings" {+Inv rC+ Int+2, Fort, Cun} (curse)
rPois    ∞         Reflect  +   r - +2 helmet
rElec    +         Harm     .   o - +0 cloak
rCorr    .         Rampage  .   K - +0 pair of gloves
Will     +....                  (boots unavailable)
Stlth    ++........             m - amulet of reflection
HPRegen  0.25/turn              E - ring of protection from fire
MPRegen  0.00/turn              e - ring "Circumscribed Adversity" {AC+4, Melee, Self} (curse)

@: grasped by roots, flying, constricted
A: sickness immunity, fire resistance 2, cold vulnerability 1, float, innate
caster, hp casting, extra vitality 1
a: Renounce Religion, Evoke Invisibility, Curse Item, Shatter the Chains


You were on level 14 of the Dungeon.
You worshipped Ashenzari.
Ashenzari was pleased with you.
You visited 2 branches of the dungeon, and saw 15 of its levels.

You collected 732 gold pieces.

Inventory:

Hand Weapons
 b - a +2 dagger of venom
 x - a +1 dagger of pain
Missiles
 v - 9 throwing nets
Armour
 o - a +0 cloak (worn)
 r - a +2 helmet (worn)
 z - the cursed +2 kite shield of the Restrained Moon (worn) {Cun, Fort}
   (You found it on level 6 of the Dungeon)

   It has a curse which improves the following skills: Cunning: Dodging and
   Stealth.
   Fortitude: Armour and Shields.
 H - the cursed +0 ring mail "Sidereal Bad Feelings" (worn) {+Inv rC+ Int+2, Fort, Cun}
   (You found it on level 8 of the Dungeon)

   Int:       It affects your intelligence (+2).
   rC:        It protects you from cold.
   +Inv:      It lets you turn invisible.
   It has a curse which improves the following skills: Fortitude: Armour and
   Shields.
   Cunning:   Dodging and Stealth.
 K - a +0 pair of gloves (worn)
Magical Staves
 a - a staff of air (weapon)
Jewellery
 e - the cursed ring "Circumscribed Adversity" (right hand) {AC+4, Melee, Self}
   (You found it on level 8 of the Dungeon)

   [ring of protection]

   AC:        It affects your AC (+4).
   It has a curse which improves the following skills: Melee Combat: Short
   Blades, Long Blades, Axes, Maces & Flails, Polearms, Staves and Unarmed
   Combat.
   Introspection: Fighting and Spellcasting.
 m - an amulet of reflection (around neck)
 t - a +4 ring of slaying
 B - a ring of positive energy
 E - a ring of protection from fire (left hand)
Wands
 i - a wand of flame (73)
 n - a wand of polymorph (12)
 q - a wand of iceblast (10)
 u - a wand of digging (2)
 D - a wand of charming (10)
Scrolls
 j - a scroll of torment
 p - 2 scrolls of vulnerability
 F - a scroll of silence
 G - a scroll of fog
 J - a scroll of brand weapon
Potions
 d - 2 potions of curing
 f - 2 potions of cancellation
 g - 6 potions of lignification
 h - a potion of heal wounds
 k - 2 potions of ambrosia
 s - a potion of might
 w - 4 potions of mutation
 C - 2 potions of resistance


   Skills:
 - Level 7.0(8.5) Fighting
 - Level 4.0(6.1) Dodging
 - Level 1.5(3.1) Stealth
 - Level 12.0(14.0) Shields
 + Level 13.5(14.7) Spellcasting


You had 5 spell levels left.
You knew the following spells:

 Your Spells              Type           Power      Damage    Failure   Level
a - Foxfire               Conj/Fire      100%       2x1d9     1%          1
f - Fireball              Conj/Fire      35%        3d15      1%          5
i - Inner Flame           Hex/Fire       71%        N/A       1%          3
l - Lightning Bolt        Conj/Air       45%        1d65      1%          5
s - Sticky Flame          Conj/Fire      71%        2d8       1%          4
z - Frozen Ramparts       Ice            100%       1d12      1%          3
A - Beastly Appendage     Tmut           100%       N/A       1%          1
B - Iskenderun's Battles  Conj           71%        2d12      1%          5
C - Conjure Flame         Conj/Fire      71%        6-21      1%          3
D - Dispel Undead         Necr           71%        3d24      1%          4
I - Call Imp              Summ           71%        N/A       1%          2
Your spell library was empty.

Dungeon Overview and Level Annotations

Branches:
Dungeon (14/15)            Temple (1/1) D:6            Lair (0/6) D:8
    Orc (0/2) D:9
 Vaults: D:13-14

Altars:
Ashenzari
Cheibriados
Dithmenos
Elyvilon
Fedhas
Gozag
Hepliaklqana
Kikubaaqudgha
Nemelex Xobeh
Okawaru
Qazlal
Ru
Sif Muna
Trog
Uskayaw
Vehumet
Wu Jian
Xom
Yredelemnul
Zin
The Shining One

Shops:
D:5 !   D:9 (

Annotations:
D:11 1 runed translucent door, belegose's ghost, journeyman DsGl
D:14 Jorgrun


Innate Abilities, Weirdness & Mutations

You are immune to sickness and miasma.
You are immune to poison.
Your flesh is very heat resistant. (rF++)
You are vulnerable to cold. (rC-)
You float through the air rather than walking.
You learn spells naturally, not from books.
Your magical power is your life essence.
You have superior vitality. (+4 HP)


Message History

Confirm with . or Enter, or press ? or * to list all spells.
Aiming: Lightning Bolt (dangerous; 1% risk of failure)
Press: ? - help, Shift-Dir - straight line, f/p - Jorgrun
Aim: Jorgrun, wielding a +0 vorpal quarterstaff and wearing a +2 robe of positive energy (almost dead, 48% to hit)
You feel a surge of power!
You hear a mighty clap of thunder!
The bolt of lightning misses Jorgrun.
Jorgrun mutters some incantations to himself.
The grasping roots constrict you!
* * * LOW HITPOINT WARNING * * *
A centaur warrior comes into view.
Casting: Lightning Bolt (dangerous; 1% risk of failure)
Confirm with . or Enter, or press ? or * to list all spells.
Aiming: Lightning Bolt (dangerous; 1% risk of failure)
Press: ? - help, Shift-Dir - straight line, f/p - Jorgrun
Aim: Jorgrun, wielding a +0 vorpal quarterstaff and wearing a +2 robe of positive energy (almost dead, 48% to hit)
You feel a surge of power!
You hear a mighty clap of thunder!
The bolt of lightning hits Jorgrun!
Jorgrun is almost dead.
The bolt of lightning hits the centaur warrior!
The centaur warrior is moderately wounded.
* * * LOW HITPOINT WARNING * * *
You hear a shout!
The grasping roots constrict you!
* * * LOW HITPOINT WARNING * * *
Casting: Lightning Bolt (dangerous; 1% risk of failure)
Confirm with . or Enter, or press ? or * to list all spells.
Aiming: Lightning Bolt (dangerous; 1% risk of failure)
Press: ? - help, Shift-Dir - straight line, f/p - Jorgrun
Aim: Jorgrun, wielding a +0 vorpal quarterstaff and wearing a +2 robe of positive energy (almost dead, 48% to hit)
You feel a surge of power!
You hear a mighty clap of thunder!
The bolt of lightning misses Jorgrun.
The bolt of lightning hits the centaur warrior!!
The centaur warrior is severely wounded.
* * * LOW HITPOINT WARNING * * *
Jorgrun points at you and mumbles some strange words.
The iron shot hits you!!
You die...

* , * , ########### ,
#......<..## * * , *
#.####..##.####.#* ,
,
..###.##.((........#
* , ,
..c.g[.@.#..##.####.#
....#.#####...## , ,
. #........### ,*
#*######## * ,* ,** ,
* , , , ** ** , , ,


You could see Jorgrun and a centaur warrior.

Vanquished Creatures
  Harold (D:8)
  A vault guard (D:13)
  A hydra (D:13)
  3 boulder beetles
  Erica (D:9)
  2 centaur warriors
  4 two-headed ogres
  3 tengu warriors
  A deep elf pyromancer (D:14)
  An ugly thing (D:13)
  2 cyclopes
  A manticore (D:13)
  A salamander (shapeshifter) (D:14)
  A gargoyle (D:12)
  An unseen horror (D:12)
  A freezing wraith (D:14)
  An efreet (D:13)
  A tengu conjurer (D:14)
  Grinder (D:6)
  Prince Ribbit (D:9)
  22 slime creatures
  A vampire (D:14)
  2 shadows (D:10)
  2 wyverns (D:9)
  2 wraiths
  32 yaks
  Grum (D:11)
  4 hogs (D:7)
  A human (D:7)
  3 steam dragons
  3 vampire mosquitoes (D:14)
  An acid dragon (D:11)
  A water moccasin (D:7)
  A sky beast (D:4)
  3 ice beasts
  2 black bears (D:7)
  A hornet zombie (D:7)
  8 orc warriors
  2 ogres
  2 wolves (D:11)
  11 centaurs
  3 kobold brigands
  2 bullfrogs
  A gnoll sergeant (D:9)
  An electric eel (D:10)
  6 howler monkeys
  3 centaur zombies
  3 jellies
  10 orc priests
  2 iguanas
  A centaur skeleton (D:7)
  Ijyb (D:3)
  13 orc wizards
  12 adders
  10 gnolls
  A shadow imp (D:7)
  2 ufetubi
  2 dart slugs
  51 orcs
  5 endoplasms
  6 giant cockroaches
  7 goblins
  3 hobgoblins (D:2)
  3 jackals (D:2)
  3 quokkas
  9 ball pythons
  6 bats
  5 frilled lizards
  20 kobolds
  3 rats
328 creatures vanquished.

Vanquished Creatures (collateral kills)
  A bat (D:3)
  A foxfire (D:7)
2 creatures vanquished.

Vanquished Creatures (others)
  789 foxfires
  3 plants (D:8)
792 creatures vanquished.

Grand Total: 1122 creatures vanquished

Notes
Turn   | Place    | Note
-------+----------+-------------------------------------------
     0 | D:1      | Cheops the Djinni Fire Elementalist began the quest for the
                  | Orb.
     0 | D:1      | Reached XP level 1. HP: 15/15 MP: 0/0
   512 | D:1      | Reached XP level 2. HP: 21/22 MP: 0/0
  1050 | D:2      | Reached skill level 1 in Fighting
  1178 | D:2      | Reached XP level 3. HP: 26/27 MP: 0/0
  1178 | D:2      | Learned a level 1 spell: Beastly Appendage
  1257 | D:2      | Reached skill level 3 in Spellcasting
  1626 | D:2      | Noticed an ogre
  1648 | D:2      | Reached XP level 4. HP: 29/32 MP: 0/0
  1926 | D:2      | Killed an ogre
  1927 | D:2      | Reached skill level 4 in Spellcasting
  1927 | D:2      | Reached XP level 5. HP: 31/39 MP: 0/0
  1927 | D:2      | Learned a level 2 spell: Call Imp
  2042 | D:3      | Noticed Ijyb
  2042 | D:3      | Noticed a centaur
  2049 | D:3      | Killed a centaur
  2050 | D:3      | Reached XP level 6. HP: 26/46 MP: 0/0
  2063 | D:3      | Killed Ijyb
  2751 | D:3      | Found a glowing drain.
  3189 | D:3      | Reached XP level 7. HP: 45/50 MP: 0/0
  3189 | D:3      | Learned a level 3 spell: Frozen Ramparts
  3826 | D:4      | Reached skill level 5 in Spellcasting
  4342 | D:5      | Entered Level 5 of the Dungeon
  4390 | D:5      | Found Kopro's Distillery.
  4917 | D:5      | Reached XP level 8. HP: 55/58 MP: 0/0
  4943 | D:5      | Found an opulent altar of Gozag.
  5268 | D:6      | Reached skill level 6 in Spellcasting
  5480 | D:6      | Reached skill level 5 in Fighting
  5517 | D:6      | Found a hide-covered altar of Uskayaw.
  5755 | D:6      | Noticed Grinder
  5775 | D:6      | Killed Grinder
  5776 | D:6      | Reached skill level 7 in Spellcasting
  5776 | D:6      | Reached XP level 9. HP: 44/66 MP: 0/0
  5776 | D:6      | Learned a level 4 spell: Dispel Undead
  5894 | D:6      | Found a staircase to the Ecumenical Temple.
  6325 | Temple   | Entered the Ecumenical Temple
  7319 | D:7      | Found a broken altar of Ashenzari.
  7450 | D:7      | Reached skill level 8 in Spellcasting
  7911 | D:7      | Reached XP level 10. HP: 71/75 MP: 0/0
  7950 | D:7      | Reached skill level 9 in Spellcasting
  8433 | D:7      | Found a bloodstained altar of Trog.
  8478 | D:7      | Found a basalt altar of Yredelemnul.
  8478 | D:7      | Found a sparkling altar of Nemelex Xobeh.
  8639 | D:7      | Became a worshipper of Ashenzari the Shackled
  8699 | D:8      | Noticed a two-headed ogre
  8707 | D:8      | Killed a two-headed ogre
  8708 | D:8      | Reached skill level 10 in Spellcasting
  9116 | D:8      | Found a blossoming altar of Fedhas.
  9186 | D:8      | Identified the +0 ring mail of Tejil {+Inv rC+ Int+2}
  9192 | D:8      | Found a staircase to the Lair.
  9346 | D:8      | Found a glowing silver altar of Zin.
  9893 | D:8      | Noticed Harold
  9907 | D:8      | Killed Harold
  9908 | D:8      | Reached skill level 11 in Spellcasting
  9908 | D:8      | Reached XP level 11. HP: 28/79 MP: 0/0
  9908 | D:8      | Learned a level 5 spell: Lightning Bolt
 10953 | D:9      | Noticed Prince Ribbit
 10960 | D:9      | Killed Prince Ribbit
 10961 | D:9      | Reached skill level 1 in Shields
 11439 | D:9      | Found a hazy altar of Hepliaklqana.
 11557 | D:9      | Found a sacrificial altar of Ru.
 11561 | D:9      | Noticed Erica
 11574 | D:9      | Killed Erica
 11582 | D:9      | Reached skill level 5 in Shields
 11808 | D:9      | Found Ysoegiwu's Antique Weapon Shoppe.
 12088 | D:9      | Found a staircase to the Orcish Mines.
 12093 | D:9      | Reached * piety under Ashenzari
 12126 | D:10     | Entered Level 10 of the Dungeon
 12669 | D:10     | Identified the Handbook of Icy Poisoning
 13334 | D:11     | Noticed Grum
 13341 | D:11     | Reached XP level 12. HP: 59/86 MP: 0/0
 13341 | D:11     | Killed Grum
 13774 | D:11     | Noticed a tengu warrior
 13779 | D:11     | Noticed a tengu warrior
 13781 | D:11     | Killed a tengu warrior
 13887 | D:11     | Killed a tengu warrior
 13888 | D:11     | Reached skill level 10 in Shields
 14068 | D:11     | Found a runed translucent door.
 14072 | D:11     | Noticed belegose's ghost (journeyman DsGl)
 14909 | D:12     | Noticed a boulder beetle
 14930 | D:12     | Reached ** piety under Ashenzari
 14957 | D:12     | Noticed a two-headed ogre
 14965 | D:12     | Killed a two-headed ogre
 14966 | D:12     | Noticed a two-headed ogre
 14990 | D:12     | Killed a two-headed ogre
 15293 | D:12     | Noticed a two-headed ogre
 15295 | D:12     | Killed a two-headed ogre
 15513 | D:12     | Noticed a boulder beetle
 15548 | D:12     | Killed a boulder beetle
 15812 | D:12     | Reached XP level 13. HP: 47/93 MP: 0/0
 15812 | D:12     | Learned a level 5 spell: Iskenderun's Battlesphere
 16288 | D:12     | Killed a boulder beetle
 16509 | D:13     | Reached skill level 12 in Spellcasting
 17683 | D:13     | Noticed a five-headed hydra
 17687 | D:13     | Killed a five-headed hydra
 17687 | D:13     | Noticed a boulder beetle
 17693 | D:13     | Killed a boulder beetle
 17976 | D:13     | Noticed a centaur warrior
 17978 | D:13     | Killed a centaur warrior
 18224 | D:13     | Reached skill level 13 in Spellcasting
 18653 | D:14     | Identified a scroll of acquirement
 18655 | D:14     | Noticed a vault guard
 18655 | D:14     | Noticed a centaur warrior
 18658 | D:14     | Noticed a vault guard
 18899 | D:14     | Noticed a centaur warrior
 18907 | D:14     | Killed a centaur warrior
 18909 | D:14     | Noticed Jorgrun
 19209 | D:14     | Noticed a vault guard
 19213 | D:14     | Noticed a vault guard
 19594 | D:13     | Killed a vault guard
 19671 | D:14     | Noticed a centaur warrior
 19673 | D:14     | Killed from afar by Jorgrun

Illustrated notes

Levels and vault maps discovered:
D:1:      tarquinn_simple_flora_water_f, layout_loops_corners,
          minmay_misc_feat_four_crosses
D:2:      minmay_evil_eye, layout_basic
D:3:      layout_rooms, overflow_temple_1_default, portal_sewer_entry_d,
          st_stairs_4, kennysheep_decorative_pillar, nrook_campfire, uniq_ijyb
D:4:      cheibrodos_quashed, layout_loops_ring, serial_rivers,
          chequers_serial_rivers_micro_d, chequers_serial_rivers_small_3,
          chequers_serial_rivers_marsh, chequers_serial_rivers_marsh,
          chequers_serial_rivers_small_3
D:5:      layout_rooms, grunt_gozag_breadcrumbs, serial_shops,
          nicolae_stop_n_shop_1
D:6:      layout_basic, makhleb_blood_cavern_becter,
          nicolae_uskayaw_murder_on_the_dancefloor, minmay_temple_entry_wispy,
          uniq_grinder
D:7:      layout_loops_cross, trog_ov_bears_minmay,
          nicolae_ashenzari_panopticon, mainiacjoe_overflow_divided_tiny,
          grunt_livestock, serial_park_tiny_1
D:8:      layout_rooms, old_standard_altar, nicolae_sif_muna_condensation,
          mainiacjoe_overflow_alcove_2, dpeg_oklobed_lair,
          minmay_misc_feat_rugged, minmay_holes, uniq_harold
D:9:      layout_loops_ring, mainiacjoe_overflow_cross_hatched,
          nicolae_ru_sacrificial_ziggurat, orc_0_dummy, special_room
          [special_room_orc], serial_shops, shop, uniq_erica,
          uniq_prince_ribbit1
D:10:     layout_basic, corner_web_ring
D:11:     layout_rooms, ebering_ghost_inner_flame, uniq_grum
D:12:     layout_gridville, lemuel_old_faithful
D:13:     layout_grid_maze
D:14:     layout_loops_cross, lightli_vaults_fourway_checkpoint,
          minmay_misc_feat_chi, uniq_jorgrun
Temple:   compressed_dpeg_triangle_lava_temple

Skill      XL: |  1  2  3  4  5  6  7  8  9 10 11 12 13 |
---------------+----------------------------------------+-----
Fighting       | 1 2 3 4 5 7 |  7.0
Spellcasting   | 3 4 5 7 8 11 13 | 13.5
Dodging        | 4 |  4.0
Shields        | 8 12 | 12.0
Stealth        | |  1.5

Action                   |  1- 3 |  4- 6 |  7- 9 | 10-12 | 13-15 || total
-------------------------+-------+-------+-------+-------+-------++-------
Melee: Unarmed           |     1 |       |       |       |       ||     1
       Dagger            |     1 |    16 |    39 |    14 |       ||    70
       Staff             |       |       |       |     8 |       ||     8
 Cast: Foxfire           |    57 |    86 |   113 |   191 |    17 ||   464
       Sticky Flame      |       |     1 |    11 |    20 |    10 ||    42
       Frozen Ramparts   |       |       |    19 |    24 |     6 ||    49
       Call Imp          |       |       |     1 |       |       ||     1
       Fireball          |       |       |    11 |    79 |    34 ||   124
       Lightning Bolt    |       |       |       |    26 |    35 ||    61
       Iskenderun's Batt |       |       |       |       |     7 ||     7
Invok: Curse Item        |       |       |       |     3 |       ||     3
  Use: Potion            |       |       |     1 |     1 |       ||     2
       Scroll            |       |       |       |     1 |     7 ||     8
 Stab: Sleeping          |       |     1 |       |       |       ||     1
Armor: Robe              |     1 |     2 |    13 |    18 |       ||    34
       Ring mail         |       |       |       |       |     1 ||     1
Dodge: Dodged            |     3 |    21 |    36 |    34 |     7 ||   101
Block: Other             |       |       |    21 |     7 |       ||    28
       Reflection        |       |       |     5 |     6 |     6 ||    17
       Kite shield       |       |       |       |    30 |    24 ||    54
